 Dungeon Crawl Stone Soup version 0.24.0-123-gd5b16e6ec5 (webtiles) character file.

Game seed: 12706706081948720310, levelgen mode: deterministic

9 FishyPogo the Stinger (level 2, 0/20 HPs)
             Began as a Demonspawn Venom Mage on Jan 4, 2020.
             Succumbed to an adder's poison
             ... on level 2 of the Dungeon.
             The game lasted 00:02:06 (931 turns).

FishyPogo the Stinger (Demonspawn Venom Mage)        Turns: 931, Time: 00:02:07

Health: 0/20       AC:  2    Str: 13    XL:     2   Next: 3%
Magic:  0/5        EV: 12    Int: 16    God:
Gold:   64         SH:  0    Dex: 13    Spells: 2/5 levels left

rFire    . . .     SeeInvis .   h - +0 dagger
rCold    . . .     Gourm    .   (no shield)
rNeg     . . .     Faith    .   a - +0 robe
rPois    .         Spirit   .   (helmet restricted)
rElec    .         Reflect  .   (no cloak)
rCorr    .         Harm     +   (no gloves)
MR       .....                  (no boots)
Stlth    ++........             d - amulet of harm
HPRegen  0.06/turn              (no ring)
MPRegen  0.09/turn              (no ring)

@: mighty, lethally poisoned (0 -> -12), flying
A: antennae 1
a: no special abilities


You were on level 2 of the Dungeon.
You were not hungry.

You visited 1 branch of the dungeon, and saw 2 of its levels.

You collected 64 gold pieces.

Inventory:

Hand Weapons
 h - a +0 dagger (weapon)
Missiles
 b - 27 stones (quivered)
Armour
 a - a +0 robe (worn)
Jewellery
 d - an amulet of harm (around neck)
Scrolls
 j - a scroll of teleportation {unknown}
 o - a scroll of enchant weapon {unknown}
Potions
 k - a potion of magic {unknown}
 l - 3 potions of cancellation {unknown}
 m - a potion of agility {unknown}
 n - a potion of curing {unknown}
Comestibles
 c - 2 rations
 f - 2 chunks of flesh


   Skills:
 * Level 0.9 Fighting
 + Level 0.4 Armour
 + Level 1.9 Dodging
 - Level 2.0 Stealth
 - Level 2.0 Spellcasting
 - Level 1.0 Conjurations
 - Level 3.0 Poison Magic


You had 2 spell levels left.
You knew the following spells:

 Your Spells              Type           Power        Failure   Level  Hunger
a - Sting                 Conj/Pois      #...         9%          1    #......
b - Poisonous Vapours     Pois/Air       #.....       17%         2    ###....

Your spell library contained the following spells:

 Spells                   Type           Power        Failure   Level  Hunger
 Mephitic Cloud           Conj/Pois/Air  #.......     34%         3    ###....
 Olgreb's Toxic Radiance  Pois           ##......     52%         4    #####..
 Venom Bolt               Conj/Pois      #.........   94%         5    ######.


Dungeon Overview and Level Annotations

Branches:
Dungeon (2/15)

Altars:


Innate Abilities, Weirdness & Mutations

You have a pair of small antennae on your head.


Message History

Casting: Sting (safe; 9% risk of failure)
Confirm with . or Enter, or press ? or * to list all spells.
Aiming: Sting (safe; 9% risk of failure)
Press: ? - help, Shift-Dir - straight line, f/p - adder
Aim: an adder (almost dead)
The sting hits the adder.
The adder is poisoned.
The adder is almost dead.
* * * LOW HITPOINT WARNING * * *
You feel sick. The adder bites you.
* * * LOW HITPOINT WARNING * * *
You are more poisoned.
The adder poisons you!
It was a potion of might.
You feel very mighty all of a sudden.
* * * LOW HITPOINT WARNING * * *
You feel sick. The adder barely misses you.
It was a potion of flight.
You feel very buoyant.
You fly up into the air.
You die...

########## .........#
.........# ###########
.......!.# #...S@....#
.........# #.........#
.........# #.........#
.........###.........#
.....................#
.....................#
....########.......<.#
... #.........# ..
#......[..#


You could see an adder.

Vanquished Creatures
  A giant cockroach (D:1)
  A goblin (D:1)
  A hobgoblin (D:1)
  2 jackals (D:1)
  2 frilled lizards (D:1)
  A rat (D:1)
8 creatures vanquished.

Notes
Turn   | Place    | Note
-------+----------+-------------------------------------------
     0 | D:1      | FishyPogo the Demonspawn Venom Mage began the quest for the
                  | Orb.
     0 | D:1      | Reached XP level 1. HP: 13/13 MP: 3/3
   729 | D:1      | Gained mutation: You have a pair of small antennae on your
                  | head. [demonic ancestry]
   729 | D:1      | Reached XP level 2. HP: 20/20 MP: 3/5
   733 | D:1      | Learned a level 2 spell: Poisonous Vapours
   930 | D:2      | HP: 1/20 [poisoned by an adder]
   931 | D:2      | Succumbed to an adder's poison

Levels and vault maps discovered:
D:1:      dpeg_arrival_pits, layout_basic, chequers_serial_rivers_micro_b
D:2:      layout_rooms, kennysheep_generic_room_5

Skill      XL: |  1 |
---------------+----+-----
Stealth        | 2 |  2.0
Fighting       | |  0.9
Armour         | |  0.4
Dodging        | |  1.9
Spellcasting   | |  2.0
Conjurations   | |  1.0
Poison Magic   | |  3.0

Action                   || total
-------------------------++-------
Melee: Unarmed           ||    16
       Dagger            ||     7
 Cast: Sting             ||    19
  Use: Potion            ||     3
Armor: Robe              ||     2
Dodge: Dodged            ||    20
